 Dungeon Crawl Stone Soup version 0.27.1-1-g398f81649c (webtiles) character file.

Game seed: 8627529011606814858

2 Rickety the Sneak (level 1, -3/9 HPs)
             Began as a Spriggan Enchanter on Sept 12, 2021.
             Slain by a hobgoblin (4 damage)
             ... on level 1 of the Dungeon.
             The game lasted 00:00:30 (61 turns).

Rickety the Sneak (Spriggan Enchanter)                Turns: 61, Time: 00:00:31

Health: -3/9       AC:  2    Str:  4    XL:     1   Next: 25%
Magic:  2/5        EV: 17    Int: 16    God:
Gold:   12         SH:  0    Dex: 15    Spells: 4/5 levels left

rFire    . . .     SeeInvis +   a - +1 dagger
rCold    . . .     Faith    .   (shield restricted)
rNeg     . . .     Spirit   .   b - +0 robe
rPois    .         Reflect  .   (helmet restricted)
rElec    .         Harm     .   (no cloak)
rCorr    .         Rampage  .   (gloves unavailable)
Will     .....                  (boots unavailable)
Stlth    +++.......             (no amulet)
HPRegen  0.03/turn              (no ring)
MPRegen  0.09/turn              (no ring)

@: lethally poisoned (-3 -> -8), very quick
A: very small, no large weapons, unfitting armour, see invisible, speed 3
a: no special abilities


You were on level 1 of the Dungeon.
You visited 1 branch of the dungeon, and saw 1 of its levels.

You collected 12 gold pieces.

Inventory:

Hand Weapons
 a - a +1 dagger (weapon)
Armour
 b - a +0 robe (worn)
Jewellery
 c - an amulet of faith


   Skills:
 + Level 1.1 Short Blades
 + Level 2.9 Dodging
 * Level 4.4 Stealth
 + Level 2.6 Spellcasting
 + Level 3.7 Hexes


You had 4 spell levels left.
You knew the following spells:

 Your Spells              Type           Power      Damage    Failure   Level
a - Corona                Hex            14%        N/A       4%          1

Your spell library contained the following spells:

 Spells                   Type           Power      Damage    Failure   Level
 Confusing Touch          Hex            13%        N/A       13%         3
 Tukima's Dance           Hex            13%        N/A       13%         3
 Ensorcelled Hibernation  Hex/Ice        16%        N/A       14%         2
 Dazzling Flash           Conj/Hex       16%        N/A       26%         3


Dungeon Overview and Level Annotations

Branches:
Dungeon (1/15)

Altars:


Innate Abilities, Weirdness & Mutations

You are very small and have problems with some larger weapons.
You are too small for most types of armour.
You have supernaturally acute eyesight. (SInv)
You cover ground extremely quickly. (Speed+++)


Message History

You hit the goblin.
The goblin is almost dead.
The goblin misses you. The hobgoblin closely misses you.
You hit the goblin.
You kill the goblin!
The hobgoblin hits you.
Casting: Corona (safe; 4% risk of failure)
Confirm with . or Enter, or press ? or * to list all spells.
Aiming: Corona (safe; 4% risk of failure)
Press: ? - help, Shift-Dir - straight line, f - goblin
Aim: a goblin, wielding a +0 club (chance to affect: 67%)
The goblin is outlined in light.
The hobgoblin hits you but does no damage.
You hit the goblin.
You kill the goblin!
The hobgoblin closely misses you.
Things that are here:
a +0 club; a +0 dagger
Casting: Corona (safe; 4% risk of failure)
Confirm with . or Enter, or press ? or * to list all spells.
Aiming: Corona (safe; 4% risk of failure)
Press: ? - help, Shift-Dir - straight line, f - kobold
Aim: a kobold, wielding a +2 dagger of venom (chance to affect: 67%)
The kobold is outlined in light.
The kobold misses you.
You hit the kobold.
The kobold is heavily wounded.
The kobold closely misses you. The hobgoblin closely misses you.
You hit the kobold but do no damage.
The kobold is heavily wounded.
The kobold hits you but does no damage.
You are lethally poisoned!
The hobgoblin completely misses you.
You hit the kobold.
The kobold is severely wounded.
You feel sick. The kobold barely misses you. The hobgoblin misses you.
You hit the kobold but do no damage.
The kobold is severely wounded.
* * * LOW HITPOINT WARNING * * *
You feel sick. The kobold completely misses you. The hobgoblin hits you.
You die...

.........### ..
............#..#
.........#....##
...............#
................ #
......g.#####.. ...
........####..#
.....#######.........#
......K@gggg...#####.#.
.....#######...........
... #.#..###..# .
#.##.###..#
#.......[##+#
###......##.#
#......##'# #..#####...
#..'.'.'.<.


You could see 3 hobgoblins, a goblin and a kobold (corona).

Vanquished Creatures
  2 goblins (D:1)
2 creatures vanquished.

Notes
Turn   | Place    | Note
-------+----------+-------------------------------------------
     0 | D:1      | Rickety the Spriggan Enchanter began the quest for the Orb.
     0 | D:1      | Reached XP level 1. HP: 9/9 MP: 5/5
    61 | D:1      | Slain by a hobgoblin

Illustrated notes

Levels and vault maps discovered:
D:1:      minmay_arrival_doors, layout_rooms,
          shapermc_ecumenical_altar_flowoftime, dk_noncrumbling_2

Action                   || total
-------------------------++-------
Melee: Dagger            ||    12
 Cast: Corona            ||     3
Armor: Robe              ||     4
Dodge: Dodged            ||    17
